Map: Rhoskallian LE

Players

Massa - Winner!

  • Race: Terran Terran
  • League: Platinum
  • Spawn Location: 6:00

qqq - Winner!

  • Race: Zerg Zerg
  • Spawn Location: 5:00

Schmick

  • Race: Zerg Zerg
  • Spawn Location: 11:00

Garethax

  • Race: Protoss Protoss
  • League: Diamond
  • Spawn Location: 12:00

VOD

Have the link to the VOD?

Description

Time

  • Played on: Feb. 11, 2021, 3:09 p.m.
  • Length: 12:50
Show
View Real Time Build Order
Export as new Build Order

Massa Terran - Winner!

Build Orders:  

Get SALT Encoding   

  12  0:00  SCV  
  13  0:12  SCV  
  14  0:19  Supply Depot  
  14  0:26  Refinery  
  14  0:29  SCV  
  15  0:41  SCV  
  16  0:46  Barracks  
  16  0:53  SCV  
  17  1:05  SCV  
  18  1:17  SCV  
  19  1:29  SCV  
  20  1:41  SCV  
  20  1:46  Command Center  
  21  1:54  Factory  
  21  1:57  Marine  
  22  2:08  Orbital Command  
  22  2:18  Supply Depot  
  22  2:20  Marine  
  23  2:39  Marine  
  23  2:40  SCV  
  23  2:43  Starport  
  25  2:44  Factory Reactor  
  25  2:52  Refinery, SCV  
  25  2:57  Marine  
  27  3:00  Orbital Command  
  27  3:04  SCV  
  28  3:15  Marine  
  28  3:17  SCV  
  30  3:22  Supply Depot  
  30  3:33  Marine  
  30  3:43  Medivac x2  
  30  3:48  Hellion  
  36  3:49  SCV x2  
  36  3:51  Marine  
  39  4:00  Supply Depot  
  39  4:01  SCV x2  
  37  4:08  Marine  
  37  4:09  Hellion  
  38  4:23  Liberator  
  41  4:25  SCV x2  
  41  4:26  Marine  
  41  4:27  Liberator  
  41  4:31  Hellion  
  49  4:37  SCV x2, Barracks  
  51  4:44  Marine  
  52  4:49  SCV  
  52  4:51  SCV  
  52  4:52  Hellion  
  56  5:01  SCV  
  56  5:03  SCV  
  58  5:07  Barracks Tech Lab  
  58  5:24  Barracks  
  58  5:26  Barracks Reactor  
  58  5:27  Barracks  
  58  5:29  Marine  
  58  5:31  Medivac, Stimpack  
  58  5:34  Factory Tech Lab  
  58  5:35  SCV  
  62  5:38  Refinery  
  62  5:40  Refinery, Supply Depot  
  62  5:44  Engineering Bay  
  62  5:49  Supply Depot  
  62  5:50  Armory  
  62  6:02  SCV x2  
  64  6:13  Supply Depot  
  64  6:14  SCV x2  
  59  6:37  Supply Depot  
  57  6:41  Command Center  
  57  6:43  SCV x2  
  57  6:46  Barracks Reactor, Barracks Tech Lab  
  57  6:48  Siege Tank  
  57  6:49  Liberator  
  57  6:50  Marauder  
  57  6:51  Marine x2  
  67  6:55  SCV x2  
  67  7:00  Supply Depot  
  69  7:08  SCV x2  
  71  7:09  Marine x2  
  71  7:12  Combat Shield  
  71  7:14  Concussive Shells  
  73  7:16  Marauder x2  
  73  7:20  SCV x2, Siege Tank  
  82  7:26  Marine  
  82  7:28  Missile Turret  
  83  7:32  SCV  
  83  7:33  Missile Turret  
  83  7:35  Terran Infantry Weapons Level 1  
  83  7:36  Engineering Bay  
  84  7:38  Marauder x2  
  84  7:43  Command Center  
  88  7:55  Siege Tank  
  88  7:56  Marine x3  
  88  7:57  Marine  
  95  7:59  Marauder x2  
  95  8:05  SCV x2  
  101  8:12  Medivac x2  
  105  8:14  Marine x2  
  105  8:15  Marine x2  
  105  8:17  SCV x2  
  111  8:20  Marauder  
  111  8:21  Marauder  
  115  8:29  SCV x2  
  117  8:39  Terran Infantry Armor Level 1  
  117  8:40  Supply Depot x2  
  117  8:41  Supply Depot  
  117  8:44  Planetary Fortress  
  117  8:48  Missile Turret  
  117  8:52  Missile Turret  
  117  8:54  Marauder x2, Marine x4  
  120  9:29  Siege Tank  
  120  9:30  Marauder, Marine  
  120  9:31  Marauder, Marine x3  
  121  9:44  Missile Turret  
  121  9:45  SCV x3, Missile Turret  
  119  9:46  Missile Turret  
  119  9:48  Marine x2, Missile Turret  
  119  9:50  Missile Turret  
  119  9:52  Marauder x2  
  112  10:01  Siege Tank  
  113  10:11  Missile Turret  
  113  10:12  Medivac x2  
  113  10:13  Marauder x2, Marine x2  
  113  10:14  Marine x2  
  123  10:21  Barracks x2  
  125  10:23  Barracks  
  125  10:26  Refinery x2  
  125  10:31  Marine x2  
  125  10:35  Marauder  
  129  10:37  Siege Tank  
  129  10:38  Marauder  
  129  10:40  Marine  
  135  10:44  Missile Turret  
  135  10:46  Missile Turret  
  135  10:51  Planetary Fortress  
  135  10:56  Marauder  
  137  11:06  Missile Turret  
  137  11:08  Missile Turret  
  130  11:20  Marauder, Marine x2  
  130  11:21  Marauder, Marine x2  
  130  11:22  Siege Tank  
  130  11:23  Medivac x2  
  145  11:26  Barracks Reactor, Barracks Tech Lab  
  145  11:27  Barracks Tech Lab  
  145  11:30  Missile Turret  
  145  11:38  Marine  
  146  11:42  Marauder x2  
  150  11:50  Marauder x2  
  150  11:51  Marine x2  
  156  12:01  Supply Depot x2  
  156  12:02  Supply Depot  
  156  12:13  Marauder, Medivac  
  156  12:14  Marauder x3, Siege Tank  
Show
View Real Time Build Order
Export as new Build Order

qqq Zerg - Winner!

Build Orders: Hatch First 

Get SALT Encoding   

  12  0:01  Drone  
  13  0:11  Drone  
  14  0:19  Overlord  
  14  0:50  Hatchery, Drone  
  14  0:55  Drone  
  15  1:03  Drone  
  15  1:04  Drone  
  17  1:22  Extractor, Spawning Pool  
  15  1:41  Drone x2  
  15  1:42  Drone  
  18  1:57  Drone  
  19  2:04  Drone  
  19  2:05  Drone  
  21  2:08  Queen  
  23  2:18  Queen  
  25  2:28  Drone x2  
  27  2:31  Metabolic Boost  
  26  2:38  Overlord  
  26  2:42  Drone  
  27  2:48  Overlord  
  27  2:50  Drone  
  28  2:57  Overlord  
  28  2:58  Zergling x2  
  28  3:01  Drone  
  28  3:05  Zergling x2  
  31  3:11  Drone  
  32  3:21  Zergling x4  
  32  3:22  Zergling x2, Overlord  
  32  3:23  Zergling x2  
  36  3:31  Zergling x4, Evolution Chamber  
  37  3:35  Zergling x4  
  39  3:44  Zergling x2  
  39  3:45  Zergling x4  
  42  3:49  Lair  
  42  3:52  Zergling x2  
  43  4:00  Zergling x6  
  43  4:01  Zergling x2  
  37  4:10  Zergling x2  
  37  4:11  Zergling x2  
  39  4:19  Zergling x2  
  39  4:20  Zergling x2  
  41  4:27  Zerg Melee Weapons Level 1  
  41  4:33  Drone  
  42  4:41  Drone  
  42  4:42  Hatchery, Zergling x4  
  42  4:43  Zergling x2  
  45  4:53  Zergling x2  
  45  4:55  Zergling x6  
  45  4:56  Zergling x2  
  50  5:00  Zergling x2  
  50  5:01  Zergling x2  
  50  5:05  Zergling x2  
  53  5:07  Overlord  
  53  5:09  Drone  
  54  5:26  Roach Warren  
  54  5:27  Drone  
  54  5:34  Spire  
  54  5:35  Drone x2  
  54  5:36  Zergling x2  
  56  5:52  Zergling x4, Overlord x2  
  56  5:53  Drone  
  56  5:54  Drone  
  53  6:03  Zergling x4  
  55  6:04  Drone x2  
  55  6:05  Drone  
  57  6:31  Zergling x4  
  57  6:32  Roach  
  61  6:33  Roach x6  
  61  6:34  Roach  
  69  6:50  Mutalisk  
  69  6:53  Drone x4  
  75  6:55  Drone  
  75  6:57  Extractor  
  75  6:58  Drone, Queen  
  78  7:02  Extractor  
  78  7:03  Extractor  
  73  7:19  Mutalisk  
  73  7:21  Zergling x2  
  73  7:22  Drone x4  
  78  7:30  Drone x4  
  82  7:38  Drone x5  
  82  7:39  Drone  
  82  7:41  Zerg Flyer Weapons Level 1  
  88  7:46  Overlord  
  88  7:48  Drone  
  89  7:53  Overlord  
  89  7:54  Drone  
  90  8:05  Drone x4  
  93  8:06  Drone, Extractor x2  
  93  8:07  Mutalisk  
  93  8:10  Mutalisk  
  93  8:12  Hatchery  
  96  8:13  Mutalisk  
  98  8:22  Spore Crawler  
  97  8:32  Mutalisk x2  
  97  8:33  Zergling x2  
  97  8:34  Zergling x2, Overlord x2  
  103  8:36  Drone x2  
  103  8:40  Spore Crawler  
  97  8:57  Mutalisk x3  
  102  9:07  Mutalisk  
  78  9:24  Mutalisk  
  78  9:25  Mutalisk  
  78  9:26  Drone  
  78  9:27  Drone x3  
  86  9:34  Spore Crawler  
  85  9:39  Mutalisk x2, Overlord  
  85  9:40  Drone  
  85  9:41  Drone  
  85  9:42  Zergling x4  
  93  9:50  Drone x2  
  95  9:57  Infestation Pit  
  95  9:59  Mutalisk, Zerg Flyer Armor Level 1  
  96  10:00  Zergling x4  
  96  10:01  Drone x2  
  100  10:08  Drone x4  
  100  10:11  Spore Crawler x2  
  100  10:13  Spine Crawler, Spore Crawler  
  98  10:38  Mutalisk x6  
  107  10:50  Mutalisk x2  
  107  10:52  Drone x7  
  107  10:53  Drone  
  113  11:08  Mutalisk x2  
  113  11:38  Drone x3  
  113  11:39  Drone x4  
  118  11:50  Drone x2  
  120  12:05  Extractor  
  120  12:06  Extractor, Spine Crawler  
  120  12:07  Drone, Spine Crawler x2  
  116  12:10  Overlord x2  
  116  12:11  Mutalisk x3, Overlord x2  
  116  12:12  Hatchery  
  116  12:14  Hatchery  
  120  12:28  Hatchery  
Show
View Real Time Build Order
Export as new Build Order

Schmick Zerg 

Build Orders: Hatch First, Muta Ling Bane 

Get SALT Encoding   

  12  0:00  Drone  
  13  0:08  Drone  
  14  0:22  Overlord  
  14  0:41  Drone x3  
  17  0:53  Drone  
  18  1:00  Hatchery  
  18  1:02  Drone  
  18  1:05  Extractor  
  17  1:13  Drone  
  18  1:23  Spawning Pool  
  17  1:27  Drone  
  18  1:40  Drone  
  19  2:04  Drone x2  
  19  2:08  Drone  
  22  2:10  Metabolic Boost  
  22  2:13  Zergling x2  
  22  2:14  Queen  
  22  2:15  Queen  
  25  2:19  Overlord  
  27  2:25  Drone  
  28  2:43  Overlord  
  28  2:55  Zergling x8  
  32  3:16  Zergling x8  
  32  3:19  Zergling x2  
  37  3:23  Zergling x8  
  37  3:24  Zergling x6  
  44  3:38  Overlord  
  44  3:42  Spine Crawler  
  44  3:44  Drone  
  44  3:47  Hatchery  
  44  3:48  Drone  
  35  4:06  Drone x4  
  35  4:08  Drone x2  
  35  4:09  Drone x2  
  39  4:18  Zergling x4  
  40  4:26  Zergling x2  
  40  4:27  Baneling Nest  
  40  4:32  Zergling x2  
  41  4:42  Zergling x4  
  43  4:46  Drone  
  43  4:47  Roach Warren  
  43  4:50  Drone x3  
  43  4:51  Drone  
  47  4:55  Drone x3  
  50  5:00  Extractor  
  49  5:10  Baneling x5  
  49  5:13  Queen  
  51  5:17  Baneling x2  
  51  5:18  Zergling x8  
  51  5:19  Zergling x4  
  57  5:33  Drone  
  57  5:34  Overlord x2  
  58  5:38  Lair  
  56  6:02  Drone  
  56  6:03  Drone x7  
  56  6:04  Drone x4  
  68  6:22  Zergling x2  
  68  6:23  Zergling x8  
  70  6:46  Baneling  
  70  6:47  Baneling x3  
  70  6:55  Extractor  
  70  6:56  Extractor  
  70  6:58  Centrifical Hooks  
  70  6:59  Spire  
  67  7:02  Evolution Chamber  
  67  7:04  Evolution Chamber  
  65  7:31  Overlord  
  65  7:32  Overlord x5  
  66  7:37  Drone  
  66  7:46  Baneling x4  
  66  7:50  Zerg Melee Weapons Level 1, Zerg Ground Armor Level 1  
  66  8:04  Drone x3  
  66  8:05  Drone x7, Extractor x2  
  74  8:06  Drone x4  
  78  8:32  Mutalisk x3  
  78  8:33  Mutalisk x3  
  90  8:34  Mutalisk  
  86  8:52  Mutalisk x2  
  86  8:53  Mutalisk  
  90  8:55  Drone  
  90  8:56  Drone x4, Zergling x2  
  90  8:57  Zergling x12  
  99  9:29  Mutalisk x3  
  105  9:36  Overlord x2  
  105  9:37  Overlord x3  
  105  9:49  Overlord x2  
  104  10:01  Mutalisk x6  
  104  10:02  Mutalisk x2  
  120  10:13  Zerg Flyer Armor Level 1  
  120  10:15  Zergling x4  
  120  10:16  Zergling x12  
  120  10:17  Zergling x4  
  130  10:21  Spore Crawler  
  127  10:41  Mutalisk  
  127  10:42  Hatchery, Mutalisk x4  
  127  10:58  Mutalisk x3  
  127  11:02  Zergling x10  
  127  11:03  Zergling x2  
  112  11:17  Mutalisk x2  
  112  11:18  Mutalisk  
  106  11:29  Zergling x4  
  106  11:30  Zergling x6  
  106  11:31  Baneling x6  
  106  11:32  Baneling  
  111  11:50  Mutalisk x2  
  111  11:52  Zergling x22  
  111  11:53  Baneling, Zergling x4  
  111  11:54  Baneling x4  
  128  12:03  Drone x6  
  128  12:07  Zergling x4  
  100  12:26  Mutalisk  
Show
View Real Time Build Order
Export as new Build Order

Garethax Protoss 

Build Orders:  

Get SALT Encoding   

  12  0:00  Probe  
  13  0:12  Probe  
  14  0:18  Pylon  
  14  0:24  Probe (Chrono Boost)  
  15  0:37  Probe (Chrono Boost)  
  15  0:40  Gateway  
  16  0:45  Probe (Chrono Boost)  
  17  0:51  Assimilator  
  17  0:53  Probe  
  18  1:05  Probe  
  19  1:17  Probe  
  20  1:27  Cybernetics Core  
  19  1:45  Probe  
  20  1:47  Nexus  
  20  1:53  Pylon  
  20  1:57  Probe  
  21  2:04  Assimilator  
  21  2:09  Probe, Adept (Chrono Boost)  
  21  2:14  Warp Gate  
  24  2:22  Shield Battery  
  24  2:25  Probe  
  26  2:37  Probe  
  26  2:46  Stalker  
  26  2:49  Probe (Chrono Boost)  
  30  3:00  Probe (Chrono Boost)  
  30  3:05  Probe (Chrono Boost)  
  30  3:08  Probe, Shield Battery  
  32  3:15  Probe  
  33  3:20  Probe  
  34  3:27  Probe  
  34  3:31  Twilight Council  
  35  3:40  Adept (Chrono Boost)  
  33  3:42  Probe  
  36  3:50  Probe, Gateway  
  36  3:53  Pylon  
  36  3:54  Probe  
  38  4:02  Probe  
  39  4:09  Charge (Chrono Boost)  
  39  4:16  Probe x2  
  41  4:20  Nexus  
  41  4:21  Assimilator  
  41  4:23  Pylon  
  41  4:27  Stalker  
  41  4:28  Probe x2  
  45  4:40  Probe x2  
  45  4:43  Assimilator  
  47  4:46  Zealot  
  47  4:52  Probe x2  
  51  4:56  Templar Archives  
  51  4:59  Zealot  
  53  5:00  Pylon  
  53  5:02  Pylon  
  53  5:04  Probe x2  
  55  5:07  Pylon  
  55  5:16  Probe x2  
  55  5:22  Psionic Storm, Zealot  
  55  5:23  Zealot  
  59  5:28  Probe x2  
  59  5:34  Probe  
  62  5:40  Probe  
  62  5:41  Probe  
  64  5:44  Gateway  
  64  5:47  Gateway  
  64  5:52  Zealot, Forge  
  64  5:53  Zealot  
  68  6:02  Probe x2  
  62  6:13  Zealot x2  
  53  6:22  Probe x3  
  36  6:34  Probe x3  
  38  6:46  Probe x2  
  40  6:55  Stalker  
  40  6:58  Probe  
  43  7:10  Protoss Ground Weapons Level 1 (Chrono Boost)  
  43  7:13  Probe (Chrono Boost)  
  43  7:15  Probe (Chrono Boost)  
  46  7:16  Probe (Chrono Boost)  
  46  7:25  Probe (Chrono Boost)  
  46  7:27  Probe (Chrono Boost), High Templar x2  
  46  7:28  Shield Battery  
  53  7:30  Probe (Chrono Boost)  
  53  7:33  Probe x2 (Chrono Boost)  
  53  7:36  Probe (Chrono Boost)  
  55  7:44  Probe x2 (Chrono Boost)  
  58  7:45  High Templar x2  
  62  7:51  Gateway  
  62  7:53  Probe x3 (Chrono Boost)  
  62  7:55  Gateway  
  65  7:59  Probe  
  65  8:00  Probe x2  
  65  8:05  Pylon  
  68  8:07  Photon Cannon  
  68  8:12  Probe x3  
  71  8:13  Robotics Facility  
  71  8:24  Probe x3  
  74  8:27  Zealot x4  
  82  8:36  Probe x3  
  85  8:43  Shield Battery  
  85  8:44  Pylon  
  85  8:45  Assimilator  
  85  8:46  Assimilator  
  85  8:48  Probe x2  
  87  8:52  Probe  
  88  8:59  Stalker x4  
  88  9:00  Probe x2  
  98  9:04  Probe  
  97  9:14  Zealot  
  97  9:15  Zealot  
  93  9:28  Archon  
  93  9:29  Archon, Zealot x3  
  93  9:30  Zealot  
  91  9:42  High Templar  
  91  9:43  High Templar  
  91  9:45  Probe x3  
  84  9:57  High Templar x3  
  91  10:00  Probe x2  
  91  10:01  Warp Prism (Chrono Boost)  
  91  10:03  Protoss Ground Weapons Level 2 (Chrono Boost)  
  94  10:08  Probe  
  94  10:12  Probe  
  96  10:15  Forge  
  96  10:16  Probe  
  96  10:20  Probe  
  98  10:22  Pylon  
  98  10:24  Archon  
  98  10:26  Probe  
  97  10:28  Probe  
  97  10:32  Probe  
  97  10:36  Photon Cannon  
  97  10:38  Probe, Pylon  
  97  10:40  Probe  
  97  10:44  Probe  
  92  10:50  Probe  
  92  10:52  Probe  
  92  10:56  Probe  
  92  11:02  Probe  
  93  11:04  Probe  
  93  11:05  High Templar x2  
  93  11:08  Probe  
  98  11:15  Probe  
  65  11:31  Pylon  
  58  11:50  Zealot  
  58  11:51  Zealot  
  58  11:54  Gateway  
  62  11:59  Gateway  
  62  12:00  Gateway  
  62  12:01  Probe x3, Gateway  
  64  12:06  Photon Cannon  
  61  12:18  Pylon  
  61  12:19  Zealot x2  
  61  12:22  Pylon  
  47  12:39  Pylon  
  47  12:40  High Templar x3  
Tags
 
Add a new tag
Caveats
  • Supply blocks, unpowered buildings, or Contaminate may cause inaccurate times.
  • Supply counts are checked every 10 seconds.